 Dungeon Sprint DCSS version 0.30.1-11-g7821555f0a (webtiles) character file.

Game seed: 8102067239471601530

167 Heoruswealwe the Spear-Bearer (level 5, -4/52 HPs)
             Began as a Minotaur Fighter on Dec 15, 2023.
             Was an Initiate of Gozag.
             Slain by a troll (11 damage)
             ... in the Dungeon (Sprint IX: "|||||||||||||||||||||||||||||").
             The game lasted 00:01:25 (174 turns).

Heoruswealwe the Spear-Bearer (Minotaur Fighter)     Turns: 174, Time: 00:01:25

Health: -4/52      AC: 10    Str: 23    XL:     5   Next: 23%
Magic:  4/4        EV: 12    Int:  5    God:    Gozag
Gold:   0          SH:  0    Dex:  9    Spells: 4/4 levels left

rFire   . . .        b - +2 halberd (venom)
rCold   . . .        (shield currently unavailable)
rNeg    . . .        c - +1 scale mail
rPois   .            (helmet restricted)
rElec   .            h - +0 cloak
rCorr   .            (no gloves)
SInv    .            (no boots)
Will    .....        (no amulet) Stlth
                     k - +2 ring of evasion
HPRegen 0.28/turn    (no ring)
MPRegen 0.09/turn

%: no teleportation
@: gold aura
A: horns 2, retaliatory headbutt
a: Renounce Religion, Potion Petition, Call Merchant, Bribe Branch


You were in the Dungeon.
You worshipped Gozag.
Gozag was noncommittal.
You visited 1 branch

Inventory:

Hand Weapons
 a - a +0 trident
 b - a +2 halberd of venom (weapon)
Armour
 c - a +1 scale mail (worn)
 d - a +0 buckler
 h - a +0 cloak (worn)
Jewellery
 k - a +2 ring of evasion (left hand)
Wands
 l - a wand of iceblast (10)
Scrolls
 j - 2 scrolls of blinking
Potions
 e - 5 potions of curing
 f - 2 potions of heal wounds
 g - a potion of haste
 i - a potion of berserk rage
 m - a potion of might


   Skills:
 + Level 7.3 Fighting
 * Level 9.4 Polearms
 + Level 7.3 Armour
 - Level 3.6 Shields


You had 4 spell levels left.
You didn't know any spells.
Your spell library was empty.

Dungeon Overview and Level Annotations

Branches:
Dungeon (1/1)

Altars:
Cheibriados
Dithmenos
Elyvilon
Fedhas
Gozag
Hepliaklqana
Kikubaaqudgha
Makhleb
Nemelex Xobeh
Okawaru
Qazlal
Ru
Sif Muna
Trog
Uskayaw
Vehumet
Wu Jian
Xom
Yredelemnul
Zin
The Shining One
Jiyva
Lugonu


Innate Abilities, Weirdness & Mutations

You have a pair of horns on your head.
You reflexively headbutt those who attack you in melee.


Message History

The orc wizard flickers and vanishes!
Deactivating autopickup; reactivate with Ctrl-A.
Your Fighting skill gained 2 levels and is now at level 7!
Your Polearms skill gained 2 levels and is now at level 8!
Your Armour skill gained 2 levels and is now at level 7!
You have reached level 4!
You feel stronger.
You have reached level 5!
The orc wizard mumbles some strange words.
The orc wizard flickers and vanishes!
You hear some strange, mumbled words.
Something tries to affect you, but you resist.
There is an open door to the Dungeon, spattered with blood here.
Things that are here:
54 gold pieces; a +0 flail; a +0 plate armour You miss something.
You barely miss something.
You hear some strange, mumbled words.
A puff of flame appears from out of thin air!
The puff of flame hits you!
You hit something but do no damage. Something hits you.
You slash something!
Reactivating autopickup.
You feel a bit more experienced.
Your Polearms skill increases to level 9!
You slash the troll!
The troll is poisoned.
The troll is lightly wounded.
The troll closely misses you. The troll claws you. The troll claws you!
You hit the troll.
The troll looks as sick as possible!
The troll is moderately wounded.
The troll bites you!
* * * LOW HITPOINT WARNING * * *
The troll claws you.
* * * LOW HITPOINT WARNING * * *
The troll barely misses you.
You feel much better. The troll bites you!
* * * LOW HITPOINT WARNING * * *
The troll closely misses you. The troll claws you!
You die...
Your body crumbles into a pile of gold.

▓?▓
$
▓)▓
$
▓[▓
$
▓[▓
▓=▓
$
▓.▓
▓.▓
$
▓.▓
$
▓@▓
$ $
▓T▓
▓O▓
$
▓z▓
$
▓.▓
$ $
▓.▓
$
▓.▓
$
▓+▓


You could see a two-headed ogre, a troll (extremely poisoned) and a wight.

Vanquished Creatures
  An orc warrior (D)
  A sleepcap (D)
  An orc wizard (D)
  A shadow imp (D)
  A dart slug (D)
  An orc (D)
  A ball python (D)
  An endoplasm (D)
  A goblin (D)
  A hobgoblin (D)
  A jackal (D)
  A bat (D)
12 creatures vanquished.

Notes
Turn   | Place    | Note
-------+----------+-------------------------------------------
     0 | D        | Heoruswealwe the Minotaur Fighter began the quest for the
                  | Orb.
     0 | D        | Reached XP level 1. HP: 19/19 MP: 0/0
    14 | D        | Reached skill level 3 in Polearms
    63 | D        | Noticed a sleepcap
    70 | D        | Killed a sleepcap
    71 | D        | Reached skill level 5 in Fighting
    71 | D        | Reached skill level 5 in Polearms
    71 | D        | Reached skill level 5 in Armour
    71 | D        | Reached XP level 2. HP: 29/29 MP: 1/1
    71 | D        | Reached XP level 3. HP: 36/36 MP: 2/2
    78 | D        | Reached skill level 6 in Polearms
    89 | D        | Found a snail-covered altar of Cheibriados.
    89 | D        | Found a shadowy altar of Dithmenos.
    89 | D        | Found a white marble altar of Elyvilon.
    89 | D        | Found a blossoming altar of Fedhas.
    89 | D        | Found an opulent altar of Gozag.
    90 | D        | Found a hazy altar of Hepliaklqana.
    91 | D        | Found a viscous altar of Jiyva.
    92 | D        | Found an ancient bone altar of Kikubaaqudgha.
    93 | D        | Found a corrupted altar of Lugonu.
    94 | D        | Found a burning altar of Makhleb.
    95 | D        | Found a sparkling altar of Nemelex Xobeh.
    96 | D        | Found an iron altar of Okawaru.
    97 | D        | Became a worshipper of Gozag Ym Sagoz the Greedy
    98 | D        | Found a stormy altar of Qazlal.
    99 | D        | Found a sacrificial altar of Ru.
   100 | D        | Found a shimmering blue altar of Sif Muna.
   101 | D        | Found a bloodstained altar of Trog.
   102 | D        | Found a hide-covered altar of Uskayaw.
   103 | D        | Found a radiant altar of Vehumet.
   104 | D        | Found an ornate altar of the Wu Jian Council.
   105 | D        | Found a shimmering altar of Xom.
   106 | D        | Found a basalt altar of Yredelemnul.
   107 | D        | Found a glowing silver altar of Zin.
   108 | D        | Found a glowing golden altar of the Shining One.
   162 | D        | Noticed an orc warrior
   162 | D        | Noticed a troll
   162 | D        | Noticed a wight
   162 | D        | Noticed a two-headed ogre
   166 | D        | Killed an orc warrior
   167 | D        | Reached skill level 8 in Polearms
   167 | D        | Reached XP level 4. HP: 39/47 MP: 3/3
   167 | D        | Reached XP level 5. HP: 43/52 MP: 4/4
   172 | D        | Reached skill level 9 in Polearms
   173 | D        | HP: 2/52 [troll (1)]
   174 | D        | Slain by a troll

Illustrated notes

Levels and vault maps discovered:
D:        linesprint [early_d, line_temple, items_1, d_10, items_2, lair_1,
          lair_end, items_3, orc_1, orc_end, items_4, d_15, swamp_1, shoals_1,
          snake_1, spider_1, d_20, vaults_1, items_5, swamp_end, shoals_end,
          snake_end, spider_end, vaults_end, d_27, items_6, zot_1, zot_end,
          crypt_end, forest_end, elf_end, slime_end, tomb_end, abyss_end,
          pan_hell_end]

Skill      XL: |  1  2  3  4  5 |
---------------+----------------+-----
Polearms       | 5 8 9 |  9.4
Fighting       | 5 7 |  7.3
Armour         | 5 7 |  7.3
Shields        | |  3.6

Action                     |  1- 3 |  4- 6 || total
---------------------------+-------+-------++-------
  Melee: Trident           |    38 |       ||    38
         Headbutt          |     6 |       ||     6
         Halberd           |     4 |     6 ||    10
    Use: Potion            |       |     1 ||     1
 Armour: Scale mail        |    12 |       ||    12
  Dodge: Dodged            |    12 |     3 ||    15
  Block: Buckler           |     9 |       ||     9
